 Dungeon Crawl Stone Soup version 0.23-a0-673-g3803c42 (webtiles) character file.

3227 Blackhawk the Skirmisher (level 9, -5/72 HPs)
             Began as a Demonspawn Fighter on Jan 9, 2019.
             Was a Follower of Okawaru.
             Slain by a gargoyle
             ... wielding a +0 morningstar
              (15 damage)
             ... on level 8 of the Dungeon.
             The game lasted 00:15:04 (9283 turns).

Blackhawk the Skirmisher (Demonspawn Fighter)       Turns: 9283, Time: 00:15:05

Health: -5/72      AC: 15    Str: 19    XL:     9   Next: 66%
Magic:  9/9        EV:  6    Int: 14    God:    Okawaru [*.....]
Gold:   304        SH: 10    Dex: 14    Spells: 8/8 levels left

rFire    . . .     SeeInvis .   a - +0 war axe
rCold    . . .     Gourm    .   c - +0 shield
rNeg     . . .     Faith    .   D - +1 chain mail
rPois    .         Spirit   .   (helmet restricted)
rElec    .         Reflect  .   (no cloak)
rCorr    .         Harm     .   p - +0 pair of gloves
MR       .....                  (no boots)
Stlth    ..........             (no amulet)
HPRegen  0.22/turn              q - ring of wizardry
MPRegen  0.11/turn              z - +5 ring of intelligence

@: no status effects
A: antennae 2, thin metallic scales 2, spiny 2
a: Heroism, Renounce Religion


You were on level 8 of the Dungeon.
You worshipped Okawaru.
Okawaru was aware of your devotion.
You were not hungry.

You visited 2 branches of the dungeon, and saw 9 of its levels.
You also visited: Ossuary.

You collected 304 gold pieces.

Inventory:

Hand Weapons
 a - a +0 war axe (weapon)
Armour
 b - a +0 scale mail
 c - a +0 shield (worn)
 p - a +0 pair of gloves (worn)
 D - a +1 chain mail (worn)
Jewellery
 m - an uncursed amulet of harm
 q - a ring of wizardry (left hand)
 z - a +5 ring of intelligence (right hand)
Wands
 r - a wand of acid (10)
 s - a wand of paralysis (6)
 x - a wand of random effects (28)
Scrolls
 e - 3 scrolls of identify
 h - a scroll of random uselessness
 k - 3 scrolls of remove curse
 n - 3 scrolls of magic mapping
 y - a scroll of enchant armour
Potions
 d - a potion of might
 g - a potion of flight
 i - 7 potions of curing
 l - a potion of degeneration {unknown}
 o - 3 potions of heal wounds {unknown}
 t - 2 potions of lignification
 u - a potion of magic {unknown}
 w - a potion of berserk rage {unknown}
 A - 2 potions of brilliance
 B - a potion of mutation {unknown}
 E - a potion of agility {unknown}
Comestibles
 f - 12 rations


   Skills:
 + Level 7.5 Fighting
 + Level 6.5 Axes
 + Level 6.8 Armour
 + Level 6.8 Shields


You had 8 spell levels left.
You didn't know any spells.
Your spell library contained the following spells:

 Spells                   Type           Power        Failure   Level  Hunger
 Beastly Appendage        Tmut           #.....       95%         1    ##.....
 Sticks to Snakes         Tmut           #.......     98%         2    ###....
 Spider Form              Tmut/Pois      #.........   100%        3    ####...
 Ice Form                 Ice/Tmut       #.......     100%        4    #####..
 Blade Hands              Tmut           #.........   100%        5    ######.


Dungeon Overview and Level Annotations

Branches:
Dungeon (8/15)             Temple (1/1) D:6
   Lair: D:8-11

Altars:
Ashenzari
Dithmenos
Elyvilon
Fedhas
Gozag
Kikubaaqudgha
Makhleb
Nemelex Xobeh
Okawaru
Qazlal
Ru
Trog
Uskayaw
Wu Jian
Zin
The Shining One

Shops:
D:7 (

Annotations:
D:4 1 exclusion, Blork the orc


Innate Abilities, Weirdness & Mutations

You have a pair of antennae on your head.
You are mostly covered in thin metallic scales. (AC +3)
You are mostly covered in sharp spines.


Message History

You block the stone arrow.
You hit the gargoyle.
The gargoyle is almost destroyed.
The gargoyle hits you but does no damage.
You hit the gargoyle but do no damage.
The gargoyle is severely damaged.
The gargoyle is struck by your spines. The gargoyle barely misses you.
You hit the gargoyle but do no damage.
The gargoyle is almost destroyed.
The gargoyle hurls a stone arrow at you.
The stone arrow hits you!
* * * LOW HITPOINT WARNING * * *
Your shield prevents you from hitting the gargoyle.
The gargoyle is almost destroyed.
The gargoyle hits you with a +0 morningstar.
* * * LOW HITPOINT WARNING * * *
You hit the gargoyle but do no damage.
The gargoyle is almost destroyed.
The gargoyle hits you with a +0 morningstar!
You die...

#.# #.# #.# #+# #.# #.#
#.# #.###########.#
##..........##.#######
##...#.........@......#
#......###..####9####.#
##...#.###..# ...
####.........# ....#
........####.# ....#
####.#### #.. _.....
#.# #.#. ....#.# #.#
#.#. ....#.# #.#


You could see a gargoyle.

Vanquished Creatures
  A hungry ghost (D:7)
  A water moccasin (D:7)
  Duvessa (D:7)
  2 orc warriors
  A sky beast (D:6)
  A phantom (D:6)
  6 ogres
  4 centaurs
  A bullfrog (D:7)
  4 scorpions
  Dowan (D:7)
  3 centaur zombies (Ossuary)
  2 crimson imps
  A quasit (D:6)
  A bullfrog zombie (Ossuary)
  7 hounds
  A centaur skeleton (D:7)
  A jelly (D:6)
  A bullfrog skeleton (D:4)
  2 iguanas
  3 orc wizards
  8 mummies (Ossuary)
  4 worker ants
  A killer bee zombie (Ossuary)
  2 hound skeletons
  2 hound zombies (Ossuary)
  3 worker ant zombies
  8 gnolls (D:5)
  12 adders
  A howler monkey skeleton (D:5)
  2 shadow imps (D:5)
  An adder skeleton (D:4)
  6 adder zombies
  3 worms
  2 dart slugs
  7 leopard geckos
  14 orcs
  A ball python (D:5)
  3 giant cockroaches
  10 goblins
  4 hobgoblins
  20 jackals
  4 quokkas
  A ball python skeleton (D:4)
  11 bats
  8 frilled lizards
  4 kobolds
  A leopard gecko zombie (Ossuary)
  A quokka zombie (Ossuary)
  8 rats
197 creatures vanquished.

Vanquished Creatures (others)
  A quokka (D:3)
  2 withered plants (Ossuary)
3 creatures vanquished.

Grand Total: 200 creatures vanquished

Notes
Turn   | Place    | Note
-------+----------+-------------------------------------------
     0 | D:1      | Blackhawk the Demonspawn Fighter began the quest for the
                  | Orb.
     0 | D:1      | Reached XP level 1. HP: 18/18 MP: 1/1
   264 | D:1      | Gained mutation: You have a pair of small antennae on your
                  | head. [demonic ancestry]
   264 | D:1      | Reached XP level 2. HP: 24/24 MP: 2/2
   878 | D:2      | Found a sparkling altar of Nemelex Xobeh.
   888 | D:2      | Reached XP level 3. HP: 29/29 MP: 3/3
  1043 | D:2      | Found a shadowy altar of Dithmenos.
  1317 | D:2      | Gained mutation: You are partially covered in sharp spines.
                  | [demonic ancestry]
  1317 | D:2      | Reached XP level 4. HP: 25/35 MP: 4/4
  1840 | D:3      | Found a white marble altar of Elyvilon.
  2707 | D:4      | Gained mutation: You are partially covered in thin metallic
                  | scales. (AC +2) [demonic ancestry]
  2707 | D:4      | Reached XP level 5. HP: 25/42 MP: 5/5
  3032 | D:4      | Reached skill level 4 in Fighting
  3355 | D:4      | Noticed Blork the orc
  3470 | D:4      | Found an opulent altar of Gozag.
  3481 | D:4      | Noticed an ogre
  3486 | D:4      | Killed an ogre
  3486 | D:4      | Gained mutation: You are mostly covered in sharp spines.
                  | [demonic ancestry]
  3486 | D:4      | Reached XP level 6. HP: 39/48 MP: 6/6
  3946 | D:4      | Gained mutation: You have a pair of antennae on your head.
                  | [demonic ancestry]
  3946 | D:4      | Reached XP level 7. HP: 42/55 MP: 7/7
  4216 | D:5      | Entered Level 5 of the Dungeon
  4354 | D:5      | Reached skill level 5 in Fighting
  5397 | D:5      | Found an ornate altar of the Wu Jian Council.
  5481 | D:6      | Reached skill level 5 in Shields
  5501 | D:6      | Reached skill level 5 in Armour
  5501 | D:6      | Reached XP level 8. HP: 53/63 MP: 8/8
  5508 | D:6      | Found a sand-covered staircase.
  5551 | Ossuary  | Entered an ossuary
  5841 | Ossuary  | Got a glittering copper ring
  6001 | Ossuary  | Reached skill level 6 in Fighting
  6001 | Ossuary  | Reached skill level 5 in Axes
  6139 | Ossuary  | Identified the ring of Ammamuy {*Tele MR++} (You found it
                  | in an ossuary)
  6532 | D:6      | Found a staircase to the Ecumenical Temple.
  6558 | D:6      | Gained mutation: You are mostly covered in thin metallic
                  | scales. (AC +3) [demonic ancestry]
  6558 | D:6      | Reached XP level 9. HP: 67/71 MP: 9/9
  7072 | Temple   | Entered the Ecumenical Temple
  7149 | Temple   | Became a worshipper of Warmaster Okawaru
  7838 | D:7      | Found Saujoc's Weapon Boutique.
  7849 | D:7      | Reached skill level 7 in Fighting
  8405 | D:7      | Found a blossoming altar of Fedhas.
  8411 | D:7      | Noticed Duvessa
  8411 | D:7      | Noticed Dowan
  8417 | D:7      | Killed Dowan
  8417 | D:7      | Reached * piety under Okawaru
  8422 | D:7      | Killed Duvessa
  8760 | D:7      | Noticed a seven-headed hydra
  9016 | D:7      | Found a hide-covered altar of Uskayaw.
  9265 | D:8      | Noticed a gargoyle
  9266 | D:8      | Found a stormy altar of Qazlal.
  9283 | D:8      | Slain by a gargoyle

Vault maps used:
D:1:      co_arrival_square_in_a_square_in_a_square, serial_bayou,
          serial_bayou_crossing, serial_bayou_pond_e, serial_bayou_pond_e,
          serial_bayou_pond_a, kennysheep_decorative_pillar
D:2:      overflow_temple_1_default, minmay_misc_feat_doors,
          grunt_dithmenos_smoke
D:3:      elyvilon_altar_4
D:4:      kennysheep_little_box, tgw_sif, first_ration
D:5:      kennysheep_mini_moat, minivault_11, minmay_misc_feat_nine_boxes
D:6:      temple_pool_b, enter_ossuary_2, water_maze_lemuel
D:7:      eat_drink_and_be_merry_uskayaw, nicolae_overflow_hidden_temple,
          serial_shops, shop, uniq_duvessa
D:8:      old_standard_altar, hangedman_pestilent_swarm, tso_altar, uniq_harold,
          uniq_grum, uniq_erica
Temple:   dpeg_chambers_temple
Ossuary:  ossuary_zaba_flooded

Skill      XL: |  1  2  3  4  5  6  7  8  9 |
---------------+----------------------------+-----
Axes           | 2 3 4 5 6 |  6.5
Armour         | 3 4 5 6 |  6.8
Shields        | 3 4 5 6 |  6.8
Fighting       | 4 5 6 7 |  7.5

Action                   |  1- 3 |  4- 6 |  7- 9 || total
-------------------------+-------+-------+-------++-------
Melee: War axe           |   151 |   146 |   411 ||   708
  Use: Scroll            |       |     1 |    15 ||    16
       Potion            |       |       |     1 ||     1
  Eat: Chunk             |     2 |     8 |    14 ||    24
       Ration            |       |       |     2 ||     2
Armor: Scale mail        |    73 |    51 |   116 ||   240
       Chain mail        |       |       |    69 ||    69
Dodge: Dodged            |    44 |    29 |    96 ||   169
Block: Shield            |   105 |    75 |   199 ||   379

Table legend:
 A = Non-vault XP
 B = Vault XP
 C = Vault XP percentage of total XP
 D = Non-vault monster count
 E = Vault monster count
 F = Vault count percentage of total count
                 A         B        C        D         E       F
            +---------+---------+-------+---------+---------+-------
      Total |    3891 |     719 |  15.6 |     171 |      26 |  13.2
            +---------+---------+-------+---------+---------+-------
        D:1 |      38 |       0 |   0.0 |      24 |       0 |   0.0
        D:2 |      76 |       0 |   0.0 |      20 |       0 |   0.0
        D:3 |      73 |       0 |   0.0 |      23 |       0 |   0.0
        D:4 |     663 |       0 |   0.0 |      27 |       0 |   0.0
        D:5 |     667 |       0 |   0.0 |      32 |       0 |   0.0
        D:6 |    1338 |       0 |   0.0 |      21 |       0 |   0.0
        D:7 |    1030 |     214 |  17.2 |      23 |       2 |   8.0
        D:8 |       6 |       0 |   0.0 |       1 |       0 |   0.0
    Ossuary |       0 |     505 | 100.0 |       0 |      24 | 100.0
            +---------+---------+-------+---------+---------+-------
